 Dungeon Crawl Stone Soup version 0.22.1-2-g9c5b331 (webtiles) character file.

47163 toffzen the Grappler (level 14, -4/137 HPs)
             Began as a Troll Arcane Marksman on Dec 14, 2018.
             Was the Champion of Elyvilon.
             Slain by a five-headed hydra (15 damage)
             ... on level 11 of the Dungeon on Dec 15, 2018.
             The game lasted 01:15:41 (18386 turns).

toffzen the Grappler (Troll Arcane Marksman)       Turns: 18386, Time: 01:15:42

Health: -4/137     AC:  9    Str: 21    XL:     14   Next: 7%
Magic:  17/19      EV: 12    Int:  9    God:    Elyvilon [******]
Gold:   1026       SH: 10    Dex: 14    Spells: 14/15 levels left

rFire    . . .     SeeInvis .   b - +4 scimitar (flame)
rCold    . . .     Gourm    +   F - +0 shield
rNeg     . . .     Faith    .   Q - +0 troll leather armour
rPois    +         Spirit   .   (helmet restricted)
rElec    .         Reflect  .   (no cloak)
rCorr    .         Harm     .   (gloves unavailable)
MR       +....                  (boots unavailable)
Stlth    +.........             I - amulet of regeneration
HPRegen  1.52/turn              x - ring of poison resistance
MPRegen  0.16/turn              Z - +2 ring of protection

@: heavily drained
A: large, unfitting armour, claws 3, fast metabolism 3, gourmand, regeneration
1, shaggy fur 1, tough skin 2
a: Lesser Healing, Heal Other, Purification, Greater Healing, Divine Vigour,
Divine Protection, Renounce Religion


You were on level 11 of the Dungeon.
You worshipped Elyvilon.
Elyvilon was exalted by your worship.
You were very full.

You visited 2 branches of the dungeon, and saw 17 of its levels.
You also visited: Ossuary.

You collected 1456 gold pieces.
You spent 430 gold pieces at shops.

Inventory:

Hand Weapons
 b - a +4 scimitar of flaming (weapon)
 n - a +0 hunting sling
Missiles
 c - 8 large rocks (quivered)
 d - 4 throwing nets
 g - 412 stones
 z - 17 tomahawks
 J - 5 javelins of penetration
 R - 12 javelins
Armour
 F - a +0 shield (worn)
 M - the +2 robe of Extow {rF- rN+ SInv}
   (You found it on level 8 of the Dungeon)

   It makes you vulnerable to fire.
   It protects you from negative energy.
   It lets you see invisible.
 Q - a +0 troll leather armour (worn)
Jewellery
 q - a +3 amulet of reflection
 x - a ring of poison resistance (left claw)
 G - an uncursed ring of fire
 I - an amulet of regeneration (around neck)
 O - a cursed amulet of inaccuracy {unknown}
 V - a +1 ring of evasion
 Z - a +2 ring of protection (right claw)
Wands
 l - a wand of scattershot (5)
 P - a wand of disintegration (1)
 T - a wand of acid (22)
 U - a wand of paralysis (32)
 X - a wand of iceblast (8)
Scrolls
 e - 7 scrolls of remove curse
 h - 2 scrolls of noise
 i - a scroll of blinking
 o - 4 scrolls of teleportation
 s - 2 scrolls of fog
 v - 3 scrolls of magic mapping
 w - 5 scrolls of immolation
 y - a scroll of summoning
 B - 2 scrolls of vulnerability
 K - a scroll of fear
 L - a scroll of holy word
 N - 7 scrolls of enchant armour
 S - a scroll of identify
 W - a scroll of amnesia {unknown}
 Y - a scroll of silence {unknown}
Potions
 j - 4 potions of flight
 k - 2 potions of cancellation
 m - 2 potions of heal wounds
 p - 10 potions of curing
 r - 3 potions of lignification
 t - a potion of mutation
 u - 2 potions of invisibility
 A - 2 potions of haste
 C - 2 potions of agility
 D - a potion of brilliance
 E - 4 potions of ambrosia
 H - 3 potions of berserk rage
Comestibles
 a - 2 chunks of flesh
 f - 30 rations


   Skills:
 + Level 8.6(6.9) Fighting
 - Level 1.7(0.3) Throwing
 + Level 2.7(1.2) Armour
 + Level 7.0(5.4) Dodging
 - Level 9.1(7.4) Shields
 + Level 14.8(12.8) Unarmed Combat
 - Level 1.0(0.0) Spellcasting
 - Level 2.0(0.5) Hexes
 + Level 8.1(6.4) Invocations
 - Level 3.0(1.5) Evocations


You had 14 spell levels left.
You knew the following spells:

 Your Spells              Type           Power        Failure   Level  Hunger
a - Corona                Hex            #......      45%         1    ##.....

Your spell library contained the following spells:

 Spells                   Type           Power        Failure   Level  Hunger
 Confusing Touch          Hex            #.....       45%         1    ##.....
 Summon Small Mammal      Summ           #...         54%         1    ##.....
 Slow                     Hex            #.......     61%         2    ###....
 Call Imp                 Summ           #.......     69%         2    ###....
 Confuse                  Hex            #.......     83%         3    ####...
 Inner Flame              Hex/Fire       #.......     87%         3    ####...
 Portal Projectile        Hex/Tloc       #.....       87%         3    ####...
 Summon Guardian Golem    Hex/Summ       #.......     87%         3    ####...
 Call Canine Familiar     Summ           #.......     89%         3    ####...
 Gell's Gravitas          Tloc           #.........   89%         3    ####...
 Cause Fear               Hex            #.........   99%         4    #####..
 Leda's Liquefaction      Hex/Erth       #.........   99%         4    #####..
 Petrify                  Tmut/Erth      #.......     100%        4    #####..
 Summon Ice Beast         Ice/Summ       #.......     100%        4    #####..
 Summon Lightning Spire   Summ/Air       #.......     100%        4    #####..
 Metabolic Englaciation   Hex/Ice        #.........   100%        5    ######.
 Yara's Violent Unravell  Hex/Tmut       #.........   100%        5    ######.


Dungeon Overview and Level Annotations

Branches:
Dungeon (11/15)            Temple (0/1) D:4            Lair (6/6) D:10
 Shoals (0/4) Lair:4        Snake (0/4) Lair:2        Slime (0/5) Lair:5
    Orc: D:9-12

Altars:
Cheibriados
Dithmenos
Elyvilon
Gozag
Nemelex Xobeh
Okawaru
Ru
Sif Muna
Trog
Vehumet
Wu Jian
Yredelemnul
Zin
The Shining One
Jiyva

Shops:
D:5 !   D:9 [

Annotations:
D:5 1 runed door
D:11 Gastronok


Innate Abilities, Weirdness & Mutations

You are too large for most types of armour.
You have claws for hands.
Your metabolism is lightning-fast.
You like to eat raw meat.
Your natural rate of healing is unusually fast.
You are covered in fur. (AC +1)
You have very tough skin. (AC +2)


Message History

Unknown command.
Press: ? - help, v - describe, . - travel
Here: a centaur The floor.
Unknown command.
Unknown command.
Okay, then.
Unknown command.
Unknown command.
You feel much better. The centaur hits you.
* * * LOW HITPOINT WARNING * * *
The five-headed hydra bites you!
* * * LOW HITPOINT WARNING * * *
The five-headed hydra bites you.
* * * LOW HITPOINT WARNING * * *
The five-headed hydra bites you!
* * * LOW HITPOINT WARNING * * *
You block the five-headed hydra's attack.
The five-headed hydra bites you!
You die...

#.)# #..#
#).#
#..########.
#...........
#...........
#...........
#...)c......
#...@D..(..(
#...)###....
#..... ....
#...... ...
#....... ..
#........
#.........
#..........


You could see a five-headed hydra and a centaur.

Vanquished Creatures
  Josephine (D:11)
  2 hydras (Lair:2)
  A two-headed ogre (D:9)
  Erica (D:8)
  10 death yaks
  Nergalle (D:11)
  Urug (Lair:4)
  Pikel (D:7)
  2 wolf spiders (Lair:6)
  An ugly thing (D:11)
  2 manticores (D:11)
  Maurice (D:8)
  2 guardian serpents
  7 black mambas
  Joseph (D:10)
  4 elephants (Lair:5)
  Psyche (D:10)
  12 spiny frogs
  7 komodo dragons
  2 hornets (Lair:6)
  A troll (D:10)
  4 polar bears
  5 hippogriffs
  A snapping turtle (Lair:4)
  5 dream sheep (Lair:5)
  9 blink frogs
  A centaur simulacrum (D:10)
  2 spriggans (Lair:5)
  2 redbacks (Lair:6)
  12 wyverns
  25 yaks
  2 basilisks
  5 wraiths (D:10)
  A steam dragon (D:11)
  Menkaure (D:4)
  4 hungry ghosts
  22 water moccasins
  4 porcupines
  5 orc warriors
  2 sky beasts (D:9)
  4 ice beasts
  4 black bears
  A necrophage (D:9)
  3 phantoms
  8 wolves
  4 ogres
  4 centaurs
  21 crocodiles
  2 big kobolds
  11 bullfrogs
  A water moccasin zombie (D:11)
  3 scorpions (D:7)
  5 wights (D:10)
  4 howler monkeys
  7 electric eels
  3 crimson imps
  2 quasits
  A jelly (D:7)
  3 orc priests
  3 bullfrog skeletons
  A centaur skeleton (D:10)
  6 hounds
  3 iguanas
  13 orc wizards
  Natasha (thrice) (D:4)
  12 worker ants
  A killer bee simulacrum (D:10)
  2 worker ant zombies
  3 mummies (D:5)
  Robin (D:3)
  3 gnolls (D:5)
  A howler monkey skeleton (D:7)
  10 adders
  3 shadow imps
  An ufetubus (D:10)
  2 oozes
  An adder skeleton (D:4)
  An adder zombie (D:9)
  2 worms
  A dart slug (D:3)
  5 leopard geckos
  44 orcs
  3 bats
  4 giant cockroaches
  20 goblins
  7 hobgoblins
  11 jackals
  8 quokkas
  A ball python (D:3)
  2 frilled lizards (D:5)
  2 gnoll zombies (Ossuary)
  A goblin skeleton (D:5)
  2 hobgoblin zombies (Ossuary)
  A jackal zombie (D:5)
  18 kobolds
  An orc zombie (Ossuary)
  5 rats
  A fungus (D:1)
  2 plants
475 creatures vanquished.

Vanquished Creatures (others)
  An orc wizard (D:8)
  An orc (D:8)
  A goblin (D:3)
  7 fungi
  19 plants
29 creatures vanquished.

Grand Total: 504 creatures vanquished

Notes
Turn   | Place    | Note
-------+----------+-------------------------------------------
     0 | D:1      | toffzen the Troll Arcane Marksman began the quest for the
                  | Orb.
     0 | D:1      | Reached XP level 1. HP: 18/18 MP: 1/1
   321 | D:1      | Reached skill level 1 in Fighting
   335 | D:1      | Reached skill level 1 in Unarmed Combat
   471 | D:1      | Reached XP level 2. HP: 27/27 MP: 2/2
  1319 | D:2      | Reached skill level 2 in Unarmed Combat
  1462 | D:2      | Reached XP level 3. HP: 33/33 MP: 3/3
  1618 | D:2      | Found a radiant altar of Vehumet.
  1633 | D:2      | Found a shadowy altar of Dithmenos.
  1715 | D:2      | Reached skill level 10 in Unarmed Combat
  1715 | D:2      | Reached XP level 4. HP: 42/42 MP: 4/4
  2034 | D:3      | Found a deep blue altar of Sif Muna.
  2241 | D:3      | Found an iron altar of Okawaru.
  2332 | D:3      | Noticed Robin
  2336 | D:3      | Killed Robin
  2336 | D:3      | Reached XP level 5. HP: 49/49 MP: 5/5
  2650 | D:3      | Found a glowing golden altar of the Shining One.
  2819 | D:4      | Found a white marble altar of Elyvilon.
  2827 | D:4      | Became a worshipper of Elyvilon the Healer
  2833 | D:4      | Noticed Natasha
  2842 | D:4      | Killed Natasha
  3003 | D:4      | Noticed Natasha
  3008 | D:4      | Killed Natasha
  3008 | D:4      | Reached XP level 6. HP: 57/57 MP: 6/6
  3036 | D:4      | Found a staircase to the Ecumenical Temple.
  3115 | D:4      | Found an opulent altar of Gozag.
  3187 | D:4      | Reached * piety under Elyvilon
  3193 | D:4      | Noticed Menkaure
  3199 | D:4      | Killed Menkaure
  3199 | D:4      | Reached skill level 11 in Unarmed Combat
  3397 | D:4      | Noticed Natasha
  3402 | D:4      | Killed Natasha
  3582 | D:5      | Entered Level 5 of the Dungeon
  3606 | D:5      | Reached XP level 7. HP: 63/66 MP: 7/7
  3816 | D:5      | Got an ichor-stained spear
  3818 | D:5      | Identified the cursed +1 spear "Kiotuiti" {flame, rF- Str+4
                  | Dex+8} (You found it on level 5 of the Dungeon)
  3989 | D:5      | Found a runed door.
  3989 | D:5      | Noticed a human
  4026 | D:5      | Found a basalt altar of Yredelemnul.
  4199 | D:5      | Found a sand-covered staircase.
  4208 | Ossuary  | Entered an ossuary
  4262 | D:5      | Found Aleteh's Distillery.
  4288 | D:5      | Bought a potion of haste for 100 gold pieces
  4288 | D:5      | Bought a potion of berserk rage for 50 gold pieces
  4288 | D:5      | Bought a potion of haste for 100 gold pieces
  4438 | D:6      | Reached XP level 8. HP: 75/75 MP: 8/8
  4523 | D:6      | Reached ** piety under Elyvilon
  5352 | D:7      | Found a snail-covered altar of Cheibriados.
  5383 | D:7      | Reached *** piety under Elyvilon
  5541 | D:7      | Reached skill level 1 in Shields
  5659 | D:7      | Found a sacrificial altar of Ru.
  5995 | D:8      | Noticed Pikel
  5999 | D:7      | Killed Pikel
  5999 | D:7      | Reached XP level 9. HP: 80/84 MP: 9/9
  6014 | D:8      | Reached **** piety under Elyvilon
  6044 | D:8      | Got a heavily jewelled robe
  6063 | D:7      | Identified the +2 robe of Extow {rF- rN+ SInv} (You found
                  | it on level 8 of the Dungeon)
  6228 | D:8      | Noticed Maurice
  6262 | D:8      | Killed Maurice
  6389 | D:8      | Found a bloodstained altar of Trog.
  6389 | D:8      | Found a sparkling altar of Nemelex Xobeh.
  6389 | D:8      | Found an ornate altar of the Wu Jian Council.
  6639 | D:8      | Noticed Erica
  6675 | D:8      | Killed Erica
  6675 | D:8      | Reached skill level 12 in Unarmed Combat
  6754 | D:8      | Found a glowing silver altar of Zin.
  7021 | D:9      | Found Xammininuf's Armour Shop.
  7047 | D:9      | Bought a +0 troll leather armour for 180 gold pieces
  7117 | D:9      | Reached XP level 10. HP: 84/94 MP: 10/10
  7176 | D:9      | Found a sparkling altar of Nemelex Xobeh.
  7184 | D:9      | Reached ***** piety under Elyvilon
  7297 | D:9      | Reached skill level 5 in Shields
  7480 | D:9      | Reached skill level 5 in Fighting
  7545 | D:9      | Noticed a two-headed ogre
  7554 | D:9      | Killed a two-headed ogre
  7554 | D:9      | Reached skill level 5 in Dodging
  7816 | D:10     | Entered Level 10 of the Dungeon
  8154 | D:10     | Noticed Joseph
  8180 | D:10     | Killed Joseph
  8418 | D:10     | Reached XP level 11. HP: 102/102 MP: 11/11
  8842 | D:10     | Found a staircase to the Lair.
  9018 | D:10     | Noticed Psyche
  9021 | D:10     | Killed Psyche
  9199 | Lair:1   | Entered Level 1 of the Lair of Beasts
 10332 | Lair:2   | Reached skill level 1 in Evocations
 10483 | Lair:2   | Noticed a seven-headed hydra
 10493 | Lair:2   | Killed a seven-headed hydra
 10635 | Lair:2   | Noticed a four-headed hydra
 10679 | Lair:2   | Reached ****** piety under Elyvilon
 10774 | Lair:2   | Killed a two-headed hydra
 10959 | Lair:2   | Found a staircase to the Snake Pit.
 11409 | Lair:2   | Reached skill level 13 in Unarmed Combat
 11591 | Lair:3   | Found a labyrinth entrance.
 11791 | Lair:3   | Reached XP level 12. HP: 112/113 MP: 12/12
 12331 | Lair:4   | Noticed Urug
 12449 | Lair:4   | Killed Urug
 13423 | Lair:4   | Found a staircase to the Shoals.
 13774 | Lair:5   | Reached skill level 1 in Invocations
 14280 | Lair:5   | Noticed a death yak
 14280 | Lair:5   | Noticed a death yak
 14487 | Lair:5   | Noticed a death yak
 14487 | Lair:5   | Noticed a death yak
 14487 | Lair:5   | Noticed a death yak
 14487 | Lair:5   | Noticed a death yak
 14690 | Lair:5   | Killed a death yak
 14696 | Lair:5   | Killed a death yak
 14708 | Lair:5   | Killed a death yak
 14715 | Lair:5   | Killed a death yak
 14855 | Lair:5   | Killed a death yak
 14855 | Lair:5   | Reached skill level 14 in Unarmed Combat
 14855 | Lair:5   | Reached skill level 5 in Invocations
 14863 | Lair:5   | Killed a death yak
 14962 | Lair:5   | Found a viscous altar of Jiyva.
 14963 | Lair:5   | Found a staircase to the Slime Pits.
 15009 | Lair:5   | Reached XP level 13. HP: 79/124 MP: 15/15
 15517 | Lair:6   | Entered Level 6 of the Lair of Beasts
 16570 | Lair:6   | Reached skill level 1 in Armour
 17480 | D:11     | Noticed Josephine
 17729 | D:11     | Killed Josephine
 17827 | D:11     | Noticed Nergalle
 17870 | D:11     | Killed Nergalle
 17951 | D:11     | Reached XP level 14. HP: 135/137 MP: 19/19
 18086 | D:11     | Noticed Gastronok
 18386 | D:11     | Slain by a five-headed hydra

Skill      XL: |  1  2  3  4  5  6  7  8  9 10 11 12 13 14 |
---------------+-------------------------------------------+-----
Fighting       | 1 2 3 4 5 7 8 |  8.6
Unarmed Combat | 1 2 10 11 12 13 14 | 14.8
Dodging        | 2 3 4 5 6 7 |  7.0
Shields        | 3 4 7 9 |  9.1
Evocations     | 2 3 |  3.0
Invocations    | 5 8 |  8.1
Armour         | 2 |  2.7
Throwing       | |  1.7
Spellcasting   | |  1.0
Hexes          | |  2.0

Action                   |  1- 3 |  4- 6 |  7- 9 | 10-12 | 13-15 || total
-------------------------+-------+-------+-------+-------+-------++-------
Melee: Unarmed           |    89 |   105 |   269 |   726 |   610 ||  1799
       Punch             |     1 |     4 |     3 |       |       ||     8
       Scimitar          |       |       |       |     3 |     4 ||     7
Throw: Large rock        |       |       |     1 |     7 |     2 ||    10
Invok: Lesser Healing    |       |       |       |     4 |       ||     4
       Purification      |       |       |       |     2 |       ||     2
       Greater Healing   |       |       |       |     1 |     8 ||     9
Evoke: Wand              |       |       |     2 |    23 |     1 ||    26
  Use: Scroll            |     8 |     3 |    12 |    17 |     3 ||    43
       Potion            |     1 |     1 |     1 |     4 |     1 ||     8
 Stab: Sleeping          |     1 |     2 |     2 |       |       ||     5
  Eat: Chunk             |    21 |    15 |    34 |    81 |    44 ||   195
Armor: Robe              |    33 |    17 |    46 |       |       ||    96
       Troll leather arm |       |       |     1 |    79 |   100 ||   180
       Swamp dragon scal |       |       |       |     9 |     4 ||    13
Dodge: Dodged            |    35 |    34 |    50 |   156 |   213 ||   488
Block: Other             |       |    10 |     7 |       |       ||    17
       Reflection        |       |     1 |     2 |     2 |       ||     5
       Shield            |       |       |    65 |   294 |   326 ||   685
